 Dungeon Crawl Stone Soup version 0.27-a0-1228-gfd60fd639a (webtiles) character file.

Game seed: 6200020414205747452

2624 rjrrt the Cleaver (level 9, -4/78 HPs)
             Began as a Minotaur Berserker on June 7, 2021.
             Was an Elder of Trog.
             Slain by Harold
             ... wielding a +0 dire flail
              (20 damage)
             ... on level 7 of the Dungeon.
             The game lasted 00:08:46 (6903 turns).

rjrrt the Cleaver (Minotaur Berserker)              Turns: 6903, Time: 00:08:46

Health: -4/78      AC: 12    Str: 24    XL:     9   Next: 34%
Magic:  8/8        EV:  8    Int:  4    God:    Trog [****..]
Gold:   305        SH:  0    Dex: 11    Spells: 8/8 levels left

rFire    + . .     SeeInvis .   a - +0 hand axe
rCold    . . .     Faith    .   (no shield)
rNeg     . . .     Spirit   .   n - +0 plate armour
rPois    .         Reflect  .   (helmet restricted)
rElec    .         Harm     .   (no cloak)
rCorr    .         Rampage  .   (no gloves)
Will     .....                  (no boots)
Stlth    ..........             (no amulet)
HPRegen  0.23/turn              j - ring of flight
MPRegen  0.11/turn              r - ring of protection from fire

@: marked, on berserk cooldown, flying, slowed, very slow
A: horns 2, retaliatory headbutt
a: Renounce Religion, Berserk, Trog's Hand, Brothers in Arms


You were on level 7 of the Dungeon.
You worshipped Trog.
Trog was greatly pleased with you.
You visited 1 branch of the dungeon, and saw 7 of its levels.

You collected 305 gold pieces.

Inventory:

Hand Weapons
 a - a +0 hand axe (weapon)
 t - a +0 trident
Missiles
 e - 4 silver javelins (quivered)
 o - 7 poisoned darts
Armour
 n - a +0 plate armour (worn)
Jewellery
 j - a ring of flight (left hand)
 r - a ring of protection from fire (right hand)
Wands
 g - a wand of digging (5)
 x - a wand of flame (20)
 y - a wand of charming (4)
 z - a wand of polymorph (9)
Scrolls
 c - 4 scrolls of immolation {unknown}
 d - 5 scrolls of amnesia {unknown}
 f - 2 scrolls of fog {unknown}
 k - a scroll of blinking {unknown}
 p - a scroll of noise {unknown}
 q - 3 scrolls of silence {unknown}
 s - 3 scrolls of teleportation {unknown}
 w - a scroll of enchant armour {unknown}
Potions
 b - 2 potions of flight {unknown}
 h - a potion of might
 i - 3 potions of curing {unknown}
 l - a potion of mutation {unknown}
 m - 3 potions of degeneration
 u - a potion of invisibility {unknown}
 v - 2 potions of heal wounds {unknown}


   Skills:
 + Level 6.4 Fighting
 * Level 11.0 Axes
 - Level 4.0 Throwing
 + Level 5.7 Armour
 + Level 5.4 Dodging
 + Level 2.0 Evocations


You had 8 spell levels left.
You didn't know any spells.
Your spell library was empty.

Dungeon Overview and Level Annotations

Branches:
Dungeon (7/15)             Temple (0/1) D:4

Altars:
Fedhas
Hepliaklqana
Makhleb
Okawaru
The Shining One

Shops:
D:1 :   D:2 :

Annotations:
D:7 Harold


Innate Abilities, Weirdness & Mutations

You have a pair of horns on your head.
You reflexively headbutt those who attack you in melee.


Message History

You struggle against the net.
You feel a strong urge to attack something.
Unknown command.
You struggle against the net.
Unknown command.
You shred the net and break free!
You feel your anger nearly subside. Harold hits you with a +0 dire flail!
Unknown command.
You hit Harold but do no damage. Your headbutt misses Harold.
Harold hits you with a +0 dire flail!
Unknown command.
You barely miss Harold. You headbutt Harold.
Harold is lightly wounded.
You are no longer berserk.
You are exhausted.
You feel yourself slow down.
You hit Harold.
Harold is lightly wounded.
Harold points at you and mumbles some strange words.
A sentinel's mark forms upon you.
You hit Harold but do no damage.
Harold is lightly wounded.
Harold hits you with a +0 dire flail!
You barely miss Harold.
Harold is lightly wounded.
Harold hits you but does no damage.
You hit Harold but do no damage.
Harold is lightly wounded.
Harold hits you with a +0 dire flail!! x2
* * * LOW HITPOINT WARNING * * *
Unknown command.
You hit Harold but do no damage.
Harold is lightly wounded.
Harold completely misses you.
You barely miss Harold.
Harold is lightly wounded.
Harold grumbles, "Just give up already, I want to go home!"
Harold hits you with a +0 dire flail!!
You die...

..............##.##....##.##
........##### #.##....##..##
........# # #.##.........#
........# #.##+##.........#
........#####.#...#.........# #
..######...........########.#.###
..# ..........# #####...... ..#
.......#.## #...≈#..... ..#
.......@@# #....#..... .......#.#
#....#..###
.......#.######....##.#
..####.#......'....'.># .
#.########....#### #. #.........#
#.........# #.....)...#
#.........#


You could see Harold.

Vanquished Creatures
  A two-headed ogre (D:6)
  Sigmund (D:5)
  Eustachio (D:5)
  Menkaure (D:7)
  Edmund (D:6)
  A hornet zombie (D:3)
  Duvessa (D:5)
  A sky beast (D:7)
  A necrophage (D:5)
  A kobold brigand (D:3)
  2 bullfrogs
  A gnoll sergeant (D:5)
  A water moccasin zombie (D:5)
  Dowan (D:5)
  2 centaur zombies (D:5)
  2 jellies
  3 bullfrog zombies
  A hound (D:5)
  2 bullfrog skeletons (D:5)
  Terence (D:2)
  An orc wizard (D:3)
  2 iguanas (D:5)
  A killer bee zombie (D:4)
  A hound zombie (D:5)
  A hound skeleton (D:5)
  A howler monkey skeleton (D:5)
  8 adders
  8 gnolls
  A shadow imp (D:5)
  A white imp (D:6)
  An adder zombie (D:5)
  An adder skeleton (D:5)
  2 worms
  12 orcs
  13 endoplasms
  3 giant cockroaches
  6 goblins
  9 hobgoblins
  6 jackals
  5 kobolds
  5 quokkas
  9 ball pythons
  5 bats
  7 frilled lizards
  7 rats
142 creatures vanquished.

Vanquished Creatures (others)
  2 withered plants (D:5)
2 creatures vanquished.

Grand Total: 144 creatures vanquished

Notes
Turn   | Place    | Note
-------+----------+-------------------------------------------
     0 | D:1      | rjrrt the Minotaur Berserker began the quest for the Orb.
     0 | D:1      | Reached XP level 1. HP: 19/19 MP: 0/0
    54 | D:1      | Found Tacovyr's Book Emporium.
    75 | D:1      | Reached skill level 4 in Axes
   147 | D:1      | Reached XP level 2. HP: 12/26 MP: 1/1
  1246 | D:1      | Reached skill level 5 in Axes
  1292 | D:1      | Reached ** piety under Trog
  1373 | D:1      | Found a faded altar of an unknown god.
  1462 | D:2      | Reached XP level 3. HP: 31/31 MP: 2/2
  1562 | D:2      | Reached skill level 6 in Axes
  1562 | D:2      | Reached XP level 4. HP: 37/39 MP: 3/3
  2317 | D:2      | Found Lymy's Book Shoppe.
  2436 | D:2      | Noticed Terence
  2442 | D:2      | Killed Terence
  2446 | D:2      | Reached XP level 5. HP: 45/45 MP: 4/4
  2675 | D:3      | Reached skill level 7 in Axes
  2797 | D:3      | Reached skill level 8 in Axes
  3158 | D:3      | Reached XP level 6. HP: 48/51 MP: 5/5
  3253 | D:3      | Reached *** piety under Trog
  3916 | D:4      | Found a staircase to the Ecumenical Temple.
  4033 | D:4      | Found a glowing golden altar of the Shining One.
  4035 | D:4      | Found a hazy altar of Hepliaklqana.
  4035 | D:4      | Found a burning altar of Makhleb.
  4037 | D:4      | Found an iron altar of Okawaru.
  4225 | D:5      | Entered Level 5 of the Dungeon
  4250 | D:5      | Reached skill level 1 in Throwing
  4271 | D:4      | Reached XP level 7. HP: 24/59 MP: 6/6
  4533 | D:5      | Noticed Eustachio
  4678 | D:5      | Noticed Dowan
  4679 | D:5      | Noticed Duvessa
  4703 | D:5      | Killed Dowan
  4703 | D:5      | Reached **** piety under Trog
  4704 | D:5      | Reached skill level 9 in Axes
  4745 | D:5      | Killed Duvessa
  4773 | D:5      | Killed Eustachio
  4977 | D:5      | Reached XP level 8. HP: 55/67 MP: 7/7
  5055 | D:5      | Reached skill level 5 in Fighting
  5783 | D:5      | Noticed Sigmund
  5787 | D:5      | Killed Sigmund
  5788 | D:5      | Reached skill level 10 in Axes
  6216 | D:6      | Reached skill level 5 in Armour
  6268 | D:6      | Noticed Edmund
  6284 | D:6      | Killed Edmund
  6301 | D:6      | Found a blossoming altar of Fedhas.
  6360 | D:6      | Noticed a two-headed ogre
  6368 | D:6      | Killed a two-headed ogre
  6369 | D:6      | Reached skill level 5 in Dodging
  6369 | D:6      | Reached skill level 1 in Evocations
  6369 | D:6      | Reached XP level 9. HP: 75/75 MP: 8/8
  6746 | D:7      | Noticed Menkaure
  6751 | D:7      | Killed Menkaure
  6752 | D:7      | Reached skill level 11 in Axes
  6889 | D:7      | Noticed Harold
  6903 | D:7      | Slain by Harold

Illustrated notes

Levels and vault maps discovered:
D:1:      denvon_arrival_planthouse, layout_basic, serial_shops, shop,
          shapermc_ecumenical_altar_hornbeckon, minmay_misc_feat_secret_circle,
          minmay_pentomino_s4
D:2:      layout_loops_ring, serial_shops, shop, ebering_dispersal_statue_hall,
          uniq_terence
D:3:      layout_loops_ring, minmay_box_of_dots
D:4:      layout_cave_pools, chequers_temple_overflow_statue_of_worship,
          minmay_temple_entry_tees
D:5:      layout_loops_ring, serial_undead, serial_undead_c, serial_undead_b,
          serial_undead_a, serial_undead_d, uniq_eustachio, uniq_sigmund,
          uniq_duvessa
D:6:      layout_rooms, fedhas_altar_fruit_tree, uniq_edmund
D:7:      layout_basic, bh_walls_and_bars, uniq_harold, uniq_menkaure

Skill      XL: |  1  2  3  4  5  6  7  8  9 |
---------------+----------------------------+-----
Axes           | 4 5 6 8 9 10 11 | 11.0
Throwing       | 1 2 3 4 |  4.0
Fighting       | 4 6 |  6.4
Armour         | 3 4 5 |  5.7
Dodging        | 3 5 |  5.4
Evocations     | 1 2 |  2.0

Action                   |  1- 3 |  4- 6 |  7- 9 || total
-------------------------+-------+-------+-------++-------
Melee: Hand axe          |    59 |   188 |   200 ||   447
       Headbutt          |     7 |    28 |    35 ||    70
Throw: Javelin           |       |       |     4 ||     4
Invok: Berserk           |     1 |     4 |     5 ||    10
       Trog's Hand       |     1 |       |     1 ||     2
  Use: Potion            |       |       |     2 ||     2
Armor: Animal skin       |     5 |       |       ||     5
       Leather armour    |     4 |     9 |       ||    13
       Scale mail        |       |    17 |       ||    17
       Plate armour      |       |    43 |   105 ||   148
Dodge: Dodged            |    43 |    66 |    65 ||   174

Table legend: (Time is in decaauts)
 A = Elapsed time spent in this place.
 B = Non-inter-level travel time spent in this place.
 C = Inter-level travel time spent in this place.
 D = Time resting spent in this place.
 E = Time spent auto-exploring this place.
 F = Levels seen in this place.
 G = Mean time per level.
                   A        B        C        D        E       F      G
               +--------+--------+--------+--------+--------+-----+--------+
         Total |   6939 |   6856 |     83 |    771 |   4915 |   7 |  991.3 |
       Dungeon |   6939 |   6856 |     83 |    771 |   4915 |   7 |  991.3 |
               +--------+--------+--------+--------+--------+-----+--------+

Top non-repeatable levels by time:
     D:5: 1599 daAuts
     D:1: 1469 daAuts
     D:2: 1228 daAuts
     D:3: 1120 daAuts
     D:4: 627 daAuts
     D:6: 527 daAuts
     D:7: 366 daAuts
